 Dungeon Crawl Stone Soup version 0.29-a0-723-gce39da1c22 (webtiles) character file.

Game seed: 11613724851771063216

196 gobodom the Stinger (level 5, -3/39 HPs)
             Began as a Minotaur Venom Mage on June 29, 2022.
             Slain by Edmund
             ... wielding a +4 vorpal flail
              (10 damage)
             ... on level 4 of the Dungeon.
             The game lasted 00:09:10 (3277 turns).

gobodom the Stinger (Minotaur Venom Mage)           Turns: 3277, Time: 00:09:12

Health: -3/39      AC:  3    Str: 12    XL:     5   Next: 46%
Magic:  4/7        EV: 12    Int: 14    God:
Gold:   172        SH:  0    Dex: 11    Spells: 5/8 levels left

rFire   . . .      SeeInvis .   i - +0 quarterstaff
rCold   . . .      Faith    .   (shield currently unavailable)
rNeg    . . .      Spirit   .   a - +0 robe
rPois   +          Reflect  .   (helmet restricted)
rElec   .          Harm     .   (no cloak)
rCorr   .          Rampage  .   k - +0 pair of gloves
Will    .....                   (no boots)
Stlth   ++........              (no amulet)
HPRegen 0.13/turn               p - ring of poison resistance
MPRegen 0.10/turn               w - ring of wizardry

@: no status effects
A: horns 2, retaliatory headbutt
a: no special abilities


You were on level 4 of the Dungeon.
You visited 1 branch of the dungeon, and saw 4 of its levels.

You collected 172 gold pieces.

Inventory:

Hand Weapons
 i - a +0 quarterstaff (weapon)
 t - a +1 antimagic dagger
Armour
 a - a +0 robe (worn)
 k - a +0 pair of gloves (worn)
Jewellery
 p - a ring of poison resistance (left hand)
 v - a ring of flight
 w - a ring of wizardry (right hand)
Wands
 x - a wand of iceblast (5)
Scrolls
 d - a scroll of enchant weapon
 g - a scroll of fog
 l - 4 scrolls of teleportation {unknown}
 m - a scroll of magic mapping {unknown}
 n - 4 scrolls of identify
 s - a scroll of vulnerability {unknown}
 u - a scroll of enchant armour {unknown}
Potions
 b - a potion of magic
 c - 2 potions of haste {unknown}
 e - a potion of heal wounds
 f - 2 potions of lignification
 h - a potion of degeneration
 j - a potion of resistance
 o - 2 potions of curing {unknown}
 q - a potion of mutation {unknown}
 r - a potion of berserk rage {unknown}


   Skills:
 + Level 0.8 Fighting
 + Level 1.8 Staves
 + Level 2.5 Dodging
 + Level 1.7 Stealth
 + Level 0.6 Unarmed Combat
 + Level 2.0 Spellcasting
 + Level 2.5 Transmutations
 + Level 2.9 Poison Magic


You had 5 spell levels left.
You knew the following spells:

 Your Spells              Type           Power      Damage    Failure   Level
a - Sting                 Tmut/Pois      36%        1d4       3%          1
b - Poisonous Vapours     Pois/Air       10%        N/A       8%          2

Your spell library contained the following spells:

 Spells                   Type           Power      Damage    Failure   Level
 Freeze                   Ice            4%         1d3       10%         1
 Blink                    Tloc           2%         N/A       14%         2
 Mephitic Cloud           Conj/Pois/Air  4%         N/A       19%         3
 Dazzling Flash           Conj/Hex       2%         N/A       26%         3
 Frozen Ramparts          Ice            2%         1d2       26%         3
 Lesser Beckoning         Tloc           1%         N/A       26%         3
 Ozocubu's Armour         Ice            1%         N/A       26%         3
 Summon Guardian Golem    Hex/Summ       1%         N/A       26%         3
 Olgreb's Toxic Radiance  Pois           9%         N/A       26%         4
 Hailstorm                Conj/Ice       1%         3d3       65%         4
 Iskenderun's Mystic Bla  Conj/Tloc      1%         2d3       65%         4
 Manifold Assault         Tloc           1%         N/A       92%         5
 Starburst                Conj/Fire      0%         6d3       100%        6
 Orb of Destruction       Conj           0%         9d5       100%        7
 Ozocubu's Refrigeration  Ice            0%         4d5       100%        7
 Spellforged Servitor     Conj/Summ      0%         N/A       100%        7


Dungeon Overview and Level Annotations

Branches:
Dungeon (4/15)
 Temple: D:4-7

Altars:
Cheibriados
Trog

Annotations:
D:4 Edmund


Innate Abilities, Weirdness & Mutations

You have a pair of horns on your head.
You reflexively headbutt those who attack you in melee.


Message History

You are too injured to fight recklessly!
Casting: Sting (safe; 3% risk of failure)
Confirm with . or Enter, or press ? or * to list all spells.
Aiming: Sting (safe; 3% risk of failure)
Press: ? - help, Shift-Dir - straight line, f - jackal
Aim: a jackal (60% to hit)
The sting hits the jackal.
The jackal is poisoned.
The jackal is lightly wounded.
The jackal completely misses you. Edmund closely misses you.
The jackal bites you but does no damage.
The jackal closely misses you.
The jackal bites you but does no damage.
Casting: Sting (safe; 3% risk of failure)
Confirm with . or Enter, or press ? or * to list all spells.
Aiming: Sting (safe; 3% risk of failure)
Press: ? - help, Shift-Dir - straight line, f/p - jackal
Aim: a jackal (moderately wounded, poisoned, 60% to hit)
The sting hits the jackal but does no damage.
The jackal looks even sicker.
The jackal is moderately wounded.
Edmund looks more healthy.
The jackal misses you. x2
Edmund closely misses you.
The jackal bites you but does no damage.
The jackal closely misses you. The jackal misses you. You furiously retaliate!
You headbutt the jackal. You hit Edmund but do no damage.
Edmund is moderately wounded.
The jackal barely misses you.
Edmund zaps a wand.
The puff of flame hits you.
* * * LOW HITPOINT WARNING * * *
The jackal closely misses you. The jackal barely misses you.
You furiously retaliate!
You headbutt the jackal, but do no damage.
The jackal closely misses you. You furiously retaliate!
You headbutt the jackal.
Edmund zaps a wand.
The puff of flame misses you. The jackal closely misses you.
The jackal barely misses you. You furiously retaliate!
You headbutt the jackal.
You kill the jackal!
The jackal bites you but does no damage.
The jackal completely misses you. Edmund hits you with a +4 vorpal flail!
You die...

.⌠... ....
...####
K..#...
J8.....
...#...
#####...####
#.hKJ.=.....
#.@@..⌠...<.
#..h........
#####...####
...# .<.#
...# ####


You could see Edmund, an endoplasm, 2 jackals and a kobold.

Vanquished Creatures
  Jessica (D:3)
  Natasha (thrice) (D:3)
  3 adders
  An ufetubus (D:3)
  A worm (D:2)
  A dart slug (D:1)
  An orc (D:2)
  4 ball pythons
  4 endoplasms
  3 giant cockroaches
  6 goblins
  6 hobgoblins
  6 jackals
  5 kobolds
  2 quokkas (D:1)
  3 bats
  5 frilled lizards
  3 rats
58 creatures vanquished.

Notes
Turn   | Place    | Note
-------+----------+-------------------------------------------
     0 | D:1      | gobodom the Minotaur Venom Mage began the quest for the
                  | Orb.
     0 | D:1      | Reached XP level 1. HP: 14/14 MP: 1/1
   492 | D:1      | Reached XP level 2. HP: 10/20 MP: 1/3
   963 | D:1      | Found a faded altar of an unknown god.
   998 | D:1      | Reached skill level 1 in Transmutations
  1515 | D:2      | Reached XP level 3. HP: 24/26 MP: 2/4
  1957 | D:2      | Reached skill level 1 in Staves
  2113 | D:2      | Found a snail-covered altar of Cheibriados.
  2376 | D:3      | Reached XP level 4. HP: 34/34 MP: 2/5
  2420 | D:3      | Found a bloodstained altar of Trog.
  2553 | D:3      | Noticed Natasha
  2558 | D:3      | Killed Natasha
  2743 | D:3      | Noticed Jessica
  2746 | D:3      | Killed Jessica
  2747 | D:3      | Reached XP level 5. HP: 39/39 MP: 3/7
  2849 | D:3      | Learned a level 2 spell: Poisonous Vapours
  2884 | D:3      | Noticed Natasha
  2889 | D:3      | Killed Natasha
  3072 | D:3      | Noticed Natasha
  3081 | D:3      | Killed Natasha
  3264 | D:4      | Noticed Edmund
  3277 | D:4      | Slain by Edmund

Illustrated notes

Levels and vault maps discovered:
D:1:      lemuel_arrival_room, layout_basic,
          shapermc_ecumenical_altar_totnotflames, minmay_pentomino_t2
D:2:      layout_basic, basic_altar
D:3:      layout_loops_ring, bloody_trog, uniq_jessica, uniq_natasha
D:4:      layout_rooms, nicolae_elevator_lobby_plus, uniq_edmund

Skill      XL: |  1  2  3  4  5 |
---------------+----------------+-----
Transmutations | 1 2 |  2.5
Staves         | 1 |  1.8
Spellcasting   | 2 |  2.0
Fighting       | |  0.8
Dodging        | |  2.5
Stealth        | |  1.7
Unarmed Combat | |  0.6
Poison Magic   | |  2.9

Action                   |  1- 3 |  4- 6 || total
-------------------------+-------+-------++-------
Melee: Unarmed           |    17 |       ||    17
       Headbutt          |     8 |     3 ||    11
       Quarterstaff      |    52 |    22 ||    74
 Cast: Sting             |    34 |    24 ||    58
       Poisonous Vapours |       |     2 ||     2
  Use: Scroll            |     5 |       ||     5
 Stab: Sleeping          |     2 |       ||     2
Armor: Robe              |    16 |     8 ||    24
Dodge: Dodged            |    54 |    43 ||    97

Table legend: (Time is in decaauts)
 A = Elapsed time spent in this place.
 B = Non-inter-level travel time spent in this place.
 C = Inter-level travel time spent in this place.
 D = Time resting spent in this place.
 E = Time spent auto-exploring this place.
 F = Levels seen in this place.
 G = Mean time per level.
                   A        B        C        D        E       F      G
               +--------+--------+--------+--------+--------+-----+--------+
         Total |   3304 |   3256 |     48 |    128 |   2572 |   4 |  826.0 |
       Dungeon |   3304 |   3256 |     48 |    128 |   2572 |   4 |  826.0 |
               +--------+--------+--------+--------+--------+-----+--------+

Top non-repeatable levels by time:
     D:1: 1411 daAuts
     D:2: 957 daAuts
     D:3: 921 daAuts
     D:4: 14 daAuts
